 Dungeon Crawl Stone Soup version 0.17-a0-1840-g87820a2 (webtiles) character file.

315 shakdrar the Firebug (level 6, -1/32 HPs)
             Began as a Deep Elf Fire Elementalist on Sept 16, 2015.
             Killed by nerve-wracking pain
             ... invoked by Jessica
              (7 damage)
             ... on level 3 of the Dungeon.
             The game lasted 00:19:39 (4180 turns).

shakdrar the Firebug (Deep Elf Fire Elementalist)   Turns: 4180, Time: 00:19:39

Health: -1/32      AC:  2    Str:  7    XL:     6   Next: 20%
Magic:  12/12      EV: 13    Int: 20    God:
Gold:   144        SH:  0    Dex: 15    Spells: 4 memorised, 2 levels left

rFire  + . .     SeeInvis .     p - +0 blowgun
rCold  . . .     Clarity  +     a - +0 robe
rNeg   . . .     SustAt   .     (no shield)
rPois  .         Gourm    .     (no helmet)
rElec  .         Spirit   .     (no cloak)
rCorr  .         Warding  .     (no gloves)
rMut   .         Stasis   .     (no boots)
MR     +....                    m - amulet of clarity
Stlth  ++........               l - ring of protection from magic
                                n - ring of protection from fire (curse)

@: lethally poisoned (-1 -> -16), exhausted, slowed, very slow, somewhat
resistant to hostile enchantments, unstealthy
A: no striking features
a: no special abilities


You were on level 3 of the Dungeon.
You were hungry.

You visited 1 branch of the dungeon, and saw 3 of its levels.

You collected 144 gold pieces.

Inventory:

Hand weapons
 e - a +0 whip of venom
 p - a +0 blowgun (weapon)
Missiles
 o - 22 poisoned needles (quivered)
Armour
 a - a +0 robe (worn)
Jewellery
 d - an uncursed ring of protection from cold
 l - a ring of protection from magic (right hand)
 m - an amulet of clarity (around neck)
 n - a cursed ring of protection from fire (left hand)
 t - an uncursed ring of protection from fire
Books
 b - a book of Flames

   Spells                             Type                      Level
   a - Flame Tongue                   Conjuration/Fire             1
   b - Throw Flame                    Conjuration/Fire             2
   c - Conjure Flame                  Conjuration/Fire             3
   d - Inner Flame                    Hexes/Fire                   3
   e - Sticky Flame                   Conjuration/Fire             4
   f - Fireball                       Conjuration/Fire             5
Comestibles
 c - 2 bread rations
 f - a slice of pizza
 g - 2 meat rations
 j - a beef jerky
 k - a fruit


   Skills:
 - Level 2.4 Dodging
 - Level 2.4 Stealth
 - Level 3.0 Spellcasting
 - Level 3.2 Conjurations
 + Level 7.0 Fire Magic


You had 2 spell levels left.
You knew the following spells:

 Your Spells              Type           Power        Failure   Level  Hunger
a - Flame Tongue          Conj/Fire      ###..        1%          1    None
b - Throw Flame           Conj/Fire      ###...       2%          2    ##.....
c - Conjure Flame         Conj/Fire      ###.....     8%          3    ###....
d - Inner Flame           Hex/Fire       ###.....     12%         3    ###....


Dungeon Overview and Level Annotations

Branches:
Dungeon (3/15)

Altars:
Gozag

Annotations:
D:3 Ijyb, Jessica


Message History

You resist with some effort.
* * * LOW HITPOINT WARNING * * *
You feel sick.
You feel your anger subside.
A giant frog comes into view.
You are no longer berserk.
You are exhausted.
You feel yourself slow down.
You are feeling hungry.
* * * LOW HITPOINT WARNING * * *
You feel sick.
The giant frog croaks.
Jessica barely misses you.
Drink which item? (? for menu, Esc to quit)
It was a potion of magic.
Magic courses through your body.
* * * LOW HITPOINT WARNING * * *
You feel sick.
Jessica points at you and mumbles some strange words.
Pain shoots through your body!
You die...

......## ##.........#
.......# #..###.####
.##.##.## ##. #.#
.#......# # #.#
.###..### #)# ##......#
# #.# ##.##.## #. #.#
#......# #.#.# #.####.#
#..@# ##......#
#.....@......#
.##.##.##.'..........r..
##......###.....>.......
####..### #.....F......#
##......# #............#
###.##.## #............#
....# .# #............#
....# ##


You could see a giant frog, Jessica and a rat.

Vanquished Creatures
  The ghost of kae the Cutter, an average KoAs (D:3)
  Terence (D:3)
  3 gnolls (D:2)
  7 adders
  An ooze (D:1)
  An adder skeleton (D:3)
  An adder zombie (D:3)
  A worm (D:2)
  3 giant geckos
  2 orcs (D:3)
  5 giant cockroaches
  10 hobgoblins
  6 jackals
  A quokka (D:2)
  A ball python (D:3)
  9 bats
  4 giant newts
  2 goblins
  12 kobolds
  10 rats
81 creatures vanquished.

Notes
Turn   | Place    | Note
--------------------------------------------------------------
     0 | D:1      | shakdrar the Deep Elf Fire Elementalist began the quest for the Orb.
     0 | D:1      | Reached XP level 1. HP: 10/10 MP: 6/6
   166 | D:1      | Reached skill level 4 in Fire Magic
   166 | D:1      | Reached XP level 2. HP: 9/15 MP: 4/8
   944 | D:1      | Reached XP level 3. HP: 11/19 MP: 4/9
  1492 | D:2      | Learned a level 2 spell: Throw Flame
  1565 | D:2      | Reached skill level 5 in Fire Magic
  1624 | D:2      | Found a faded altar to an unknown god.
  1775 | D:2      | Reached XP level 4. HP: 24/24 MP: 3/10
  2670 | D:2      | Found an opulent altar of Gozag.
  2879 | D:3      | Reached XP level 5. HP: 28/28 MP: 6/11
  2898 | D:3      | Noticed Ijyb
  3259 | D:3      | Learned a level 3 spell: Conjure Flame
  3264 | D:3      | Learned a level 3 spell: Inner Flame
  3314 | D:3      | Noticed Terence
  3853 | D:3      | Killed Terence
  3853 | D:3      | Reached skill level 6 in Fire Magic
  4143 | D:3      | Noticed kae's ghost (average KoAs)
  4166 | D:3      | Noticed Jessica
  4175 | D:3      | Killed kae's ghost
  4175 | D:3      | Reached skill level 7 in Fire Magic
  4175 | D:3      | Reached XP level 6. HP: 12/32 MP: 3/12
  4179 | D:3      | Noticed a giant frog
  4180 | D:3      | Killed from afar by Jessica

Vault maps used:
D:1:      sevenhm_arrival_forest_fort_small_4
D:2:      old_standard_altar, ecumenical_altar_2, kennysheep_generic_room_13
D:3:      first_bread, minmay_misc_feat_alley, uniq_iyjb, uniq_jessica,
          uniq_terence

Action                   |  1- 3 |  4- 6 || total
-------------------------+-------+-------++-------
Melee: Whip              |     1 |       ||     1
 Fire: Blowgun           |       |     8 ||     8
 Cast: Flame Tongue      |    76 |    53 ||   129
       Throw Flame       |     4 |    42 ||    46
  Use: Scroll            |     4 |     2 ||     6
       Potion            |     1 |     4 ||     5
  Eat: Chunk             |     3 |     4 ||     7
       Bread ration      |       |     1 ||     1
